 Dungeon Crawl Stone Soup version 0.28-a0-804-g60983d4ba9 (webtiles) character file.

Game seed: 16519184064528474522

31267 vurker the Thaumaturge (level 13, -7/63 HPs)
             Began as a Felid Air Elementalist on Nov 7, 2021.
             Was a High Priest of Vehumet.
             Shot with an arrow by a centaur warrior (27 damage)
             ... on level 13 of the Dungeon.
             The game lasted 00:53:14 (42726 turns).

vurker the Thaumaturge (Felid Air Elementalist)    Turns: 42726, Time: 00:53:14

Health: -7/63      AC:  3    Str:  4    XL:     13   Next: 25%
Magic:  25/41      EV: 19    Int: 21    God:    Vehumet [*****.]
Gold:   2753       SH:  0    Dex: 17    Spells: 28/40 levels left
                                        Lives:  0   Deaths: 4

rFire   . . .      SeeInvis +   (weapon unavailable)
rCold   + . .      Faith    .   (shield unavailable)
rNeg    . . .      Spirit   .   (armour unavailable)
rPois   +          Reflect  .   (helmet unavailable)
rElec   .          Harm     .   (cloak unavailable)
rCorr   .          Rampage  .   (gloves unavailable)
Will    +....                   (boots unavailable)
Stlth   ++........              E - amulet of magic regeneration
HPRegen 0.20/turn               b - ring of magical power
MPRegen 0.52/turn               o - ring of poison resistance

@: unable to drink, quick
A: very small, claws 1, fangs 3, see invisible, speed 1, shaggy fur 3, stealthy
paws, no weapons or thrown items, no armour, multi-lived
a: Renounce Religion


You were on level 13 of the Dungeon.
You worshipped Vehumet.
Vehumet was extremely pleased with you.
You visited 3 branches of the dungeon, and saw 21 of its levels.
You visited 1 bazaar.
You also visited: Ice Cave.

You collected 4003 gold pieces.
You spent 1250 gold pieces at shops.

Inventory:

Jewellery
 b - a ring of magical power (left paw)
   (You found it on level 4 of the Dungeon)
 k - a +6 ring of intelligence
   (You found it on level 10 of the Dungeon)
 o - a ring of poison resistance (right paw)
   (You found it on level 8 of the Dungeon)
 s - a +4 ring of protection
   (You found it on level 2 of the Lair of Beasts)
 B - a ring of ice
   (You took it off Fannar on level 3 of the Lair of Beasts)
 E - an amulet of magic regeneration (around neck)
   (You bought it in a shop on level 2 of the Orcish Mines)
 G - a ring of flight
   (You found it on level 13 of the Dungeon)
Wands
 g - a wand of polymorph (8)
   (You found it on level 10 of the Dungeon)
 p - a wand of mindburst (6)
   (You found it on level 2 of the Lair of Beasts)
 t - a wand of flame (68)
   (You found it on level 6 of the Dungeon)
 u - a wand of paralysis (14)
   (You found it on level 5 of the Lair of Beasts)
 v - a wand of digging (4)
   (You found it on level 11 of the Dungeon)
 x - a wand of acid (17)
   (You found it on level 2 of the Lair of Beasts)
Scrolls
 c - 5 scrolls of teleportation
 d - 2 scrolls of silence
 f - 2 scrolls of summoning
 j - 2 scrolls of amnesia
 l - 5 scrolls of magic mapping
 q - 5 scrolls of fear
 w - a scroll of fog
 y - 3 scrolls of immolation
 A - a scroll of holy word {unknown}
 D - 2 scrolls of identify
Potions
 a - 11 potions of curing
 e - 5 potions of haste
 h - 3 potions of mutation
 i - 4 potions of heal wounds
 m - a potion of flight
 n - a potion of resistance
 r - a potion of invisibility {unknown}
 z - a potion of ambrosia
 C - 3 potions of might {unknown}
 F - a potion of magic


   Skills:
 + Level 10.9 Fighting
 - Level 5.0 Dodging
 - Level 2.6 Stealth
 * Level 14.3 Spellcasting
 - Level 3.0 Conjurations
 * Level 12.9 Ice Magic
 + Level 11.4 Air Magic


You had 28 spell levels left.
You knew the following spells:

 Your Spells              Type           Power      Damage    Failure   Level
a - Ozocubu's Refrigerat  Ice            31%        4d11      4%          7
b - Shock                 Conj/Air       100%       1d9       1%          1
c - Airstrike             Air            29%        N/A       1%          4

Your spell library contained the following spells:

 Spells                   Type           Power      Damage    Failure   Level
 Freezing Cloud           Conj/Ice/Air   26%        6-21      1%          5
 Freeze                   Ice            100%       1d11      0%          1
 Magic Dart               Conj           100%       1d8       1%          1
 Corpse Rot               Necr/Air       78%        N/A       1%          2
 Poisonous Vapours        Pois/Air       78%        N/A       1%          2
 Searing Ray              Conj           54%        2d6       1%          2
 Static Discharge         Conj/Air       45%        N/A       1%          2
 Conjure Flame            Conj/Fire      21%        6-21      1%          3
 Frozen Ramparts          Ice            100%       1d12      1%          3
 Ozocubu's Armour         Ice            62%        N/A       1%          3
 Stone Arrow              Conj/Erth      42%        3d9       1%          3
 Swiftness                Air            58%        N/A       1%          3
 Hailstorm                Conj/Ice       48%        3d11      1%          4
 Lightning Bolt           Conj/Air       22%        1d38      1%          5
 Ignite Poison            Fire/Tmut/Pois 15%        N/A       3%          3
 Summon Ice Beast         Ice/Summ       42%        N/A       3%          4
 Fulminant Prism          Conj/Hex       10%        3d9       6%          4
 Sticky Flame             Conj/Fire      21%        2d4       6%          4
 Conjure Ball Lightning   Conj/Air       22%        3x3d6     9%          6
 Summon Guardian Golem    Hex/Summ       15%        N/A       12%         3
 Tukima's Dance           Hex            15%        N/A       12%         3
 Irradiate                Conj/Tmut      10%        3d17      16%         5
 Yara's Violent Unravell  Hex/Tmut       7%         3d5       28%         5
 Dispel Undead            Necr           15%        3d10      38%         4
 Passage of Golubria      Tloc           15%        N/A       38%         4
 Starburst                Conj/Fire      10%        6d5       61%         6
 Summon Mana Viper        Hex/Summ       15%        N/A       75%         5
 Orb of Destruction       Conj           13%        9d6       91%         7
 Spellforged Servitor     Conj/Summ      10%        N/A       98%         7
 Death Channel            Necr           7%         N/A       99%         6
 Monstrous Menagerie      Summ           7%         N/A       100%        7
 Chain Lightning          Conj/Air       22%        3d30      100%        9


Dungeon Overview and Level Annotations

Branches:
Dungeon (13/15)            Temple (0/1) D:7            Lair (6/6) D:10
 Shoals (0/4) Lair:4        Snake (0/4) Lair:3        Slime (0/5) Lair:6
    Orc (2/2) D:12            Elf (0/3) Orc:2         IceCv (visited)
 Vaults: D:13-14

Altars:
Cheibriados
Dithmenos
Gozag
Kikubaaqudgha
Makhleb
Nemelex Xobeh
Okawaru
Qazlal
Uskayaw
Vehumet
Wu Jian
Xom
Beogh

Shops:
D:2 *   D:7 **   D:9 *   Orc:1 ?   Orc:2 [=(!=

Annotations:
D:5 2 transporters, Zgarb's ghost, novice OpDe
D:10 2 runed translucent doors, vogonpoet's ghost, journeyman GrEE
D:11 bmj180's ghost, journeyman GrEE
D:12 exclusion: boulder beetle
Lair:3 1 runed translucent door, Vias's ghost, journeyman DsWn


Innate Abilities, Weirdness & Mutations

You have sharp claws.
You have razor-sharp teeth.
You have supernaturally acute eyesight. (SInv)
You cover ground quickly. (Speed+)
Your thick and shaggy fur keeps you warm. (AC +3, rC+)
Your paws help you pounce on unaware monsters.
You are incapable of wielding weapons or throwing items.
You cannot wear armour.
You gain extra lives every three experience levels.


Message History

The air twists around and strikes the centaur!
The centaur shouts!
The centaur wields a +0 shortbow.
The centaur shoots an arrow.
The arrow hits you.
The centaur shoots an arrow.
The arrow completely misses you.
The centaur shouts!
The centaur shoots an arrow.
The arrow closely misses you.
The centaur shoots an arrow.
The arrow closely misses you.
You hear a shout!
Aim: a centaur, wielding a +0 shortbow and quivering arrows (empty space bonus: 5/8)
The air twists around and strikes the centaur!
The centaur shoots an arrow.
The arrow hits you!
* * * LOW HITPOINT WARNING * * *
Aim: a centaur, wielding a +0 shortbow and quivering arrows (heavily wounded, empty space bonus: 5/8)
The air twists around and strikes the centaur!
The centaur shoots an arrow.
The arrow barely misses you.
You hear a shout!
A centaur warrior comes into view.
As you read the scroll of fog, it crumbles to dust.
The scroll dissolves into smoke.
The centaur warrior moves out of view.
As you read the scroll of teleportation, it crumbles to dust.
You feel strangely unstable.
Your surroundings suddenly seem different.
The spell is quite dangerous to cast (5% risk of failure)!
Continue anyway?
The heat is drained from your surroundings.
You feel very cold.
The centaurs are frozen.
You kill the centaur!
Vehumet accepts your kill.
You feel your power returning.
You kill the centaur!
Vehumet accepts your kill.
You feel your power returning.
You kill the centaur!
Vehumet accepts your kill.
You kill the centaur!
Vehumet accepts your kill.
A centaur warrior is nearby!
The spell is quite dangerous to cast (4% risk of failure)!
Continue anyway?
The heat is drained from your surroundings.
You feel very cold.
The centaur warrior is frozen.
The centaur warrior shouts!
The centaur warrior wields a +0 longbow.
The centaur warrior shoots an arrow.
The arrow misses you.
The spell is quite dangerous to cast (4% risk of failure)!
Continue anyway?
The heat is drained from your surroundings.
You feel very cold.
The centaur warrior is frozen.
The centaur warrior shoots an arrow.
The arrow hits you!!
* * * LOW HITPOINT WARNING * * *
The centaur warrior shoots an arrow.
The arrow hits you!!
You die...

#####
#@..#
#...#
#...#
#...#
#''##
...)
..)c
######
...).
#....#
#..
#....#
#..


You could see a centaur warrior.

Vanquished Creatures
  Gastronok (D:12)
  A dire elephant (Lair:6)
  Snorg (Orc:1)
  Fannar (Lair:3)
  5 hydras
  A merfolk avatar (Lair:6)
  A centaur warrior (D:11)
  Erica (D:8)
  9 death yaks
  5 two-headed ogres
  A tengu warrior (D:9)
  4 orc high priests
  2 harpies (Lair:6)
  6 orc knights
  7 orc sorcerers
  2 oklob plants (Lair:6)
  A manticore (Lair:4)
  2 cyclopes
  4 black mambas
  2 centaur zombies (D:10)
  10 elephants
  Maurice (D:8)
  A torpor snail (Lair:5)
  A gargoyle (D:10)
  12 cane toads
  Maggie (D:8)
  14 komodo dragons
  3 rime drakes
  An ice devil (IceCv)
  A troll (shapeshifter) (D:13)
  5 trolls
  2 polar bears (Lair:4)
  2 wind drakes
  Prince Ribbit (D:7)
  A hornet (Lair:6)
  19 blink frogs
  5 dream sheep (Lair:4)
  A wraith (D:10)
  4 wyverns
  A basilisk (Lair:6)
  A fire elemental (Lair:2)
  3 steam dragons (Lair:6)
  42 yaks
  6 nagas (Lair:3)
  2 wargs (Orc:2)
  2 acid dragons
  12 water moccasins
  24 orc warriors
  3 sky beasts (D:8)
  2 ice beasts
  A black bear (D:4)
  3 necrophages
  6 ogres
  11 wolves
  14 centaurs
  A phantom (D:7)
  11 bullfrogs
  4 kobold brigands
  2 wyvern zombies
  2 gnoll sergeants
  2 scorpions
  A water moccasin zombie (D:7)
  3 killer bees (D:8)
  3 wights (D:8)
  3 howler monkeys (D:10)
  A crimson imp (D:6)
  A hound (D:4)
  A centaur skeleton (D:7)
  A jelly (D:6)
  A bullfrog zombie (D:6)
  15 orc priests
  A bullfrog skeleton (D:5)
  3 iguanas
  10 orc wizards
  4 hell rats (Lair:5)
  A spriggan simulacrum (IceCv)
  4 killer bee zombies
  2 hound skeletons
  A howler monkey zombie (D:6)
  7 adders
  10 gnolls
  A shadow imp (D:8)
  A white imp (D:6)
  An ufetubus (IceCv)
  3 worms
  A dart slug (D:1)
  88 orcs
  3 ball pythons
  An endoplasm (D:1)
  5 giant cockroaches
  7 goblins
  9 hobgoblins
  3 jackals (D:2)
  4 quokkas
  2 bats
  6 frilled lizards
  A jackal skeleton (D:4)
  20 kobolds
  4 rats
530 creatures vanquished.

Vanquished Creatures (others)
  An orc (Orc:2)
  60 fungi
  99 plants
160 creatures vanquished.

Grand Total: 690 creatures vanquished

Notes
Turn   | Place    | Note
-------+----------+-------------------------------------------
     0 | D:1      | vurker the Felid Air Elementalist began the quest for the
                  | Orb.
     0 | D:1      | Reached XP level 1. HP: 7/7 MP: 4/4
   176 | D:1      | Found a faded altar of an unknown god.
   278 | D:1      | Reached skill level 1 in Conjurations
   285 | D:1      | Reached XP level 2. HP: 12/12 MP: 0/6
   973 | D:1      | Found an iron altar of Okawaru.
  1117 | D:2      | Found Tayrouck's General Store.
  1321 | D:2      | Reached XP level 3. HP: 15/15 MP: 3/7
  1549 | D:2      | You fall into a shaft and drop 1 floor!
  1623 | D:3      | Reached skill level 1 in Fighting
  1900 | D:3      | Found a sparkling altar of Nemelex Xobeh.
  1998 | D:2      | Found an ornate altar of the Wu Jian Council.
  2456 | D:2      | Reached XP level 4. HP: 18/19 MP: 5/9
  2581 | D:2      | You fall into a shaft and drop 1 floor!
  3562 | D:4      | Reached skill level 3 in Spellcasting
  3722 | D:4      | Noticed a necrophage
  3777 | D:4      | Noticed a scorpion
  3789 | D:4      | Killed a scorpion
  3790 | D:4      | Reached XP level 5. HP: 22/22 MP: 1/10
  4227 | D:4      | Killed a necrophage
  4228 | D:4      | Gained mutation: You are covered in thick fur. (AC +2)
                  | [Felid growth]
  4228 | D:4      | Reached XP level 6. HP: 22/26 MP: 7/12
  4233 | D:4      | Learned a level 4 spell: Airstrike
  4396 | D:4      | Reached skill level 4 in Spellcasting
  4637 | D:4      | Found an opulent altar of Gozag.
  4758 | D:4      | Reached XP level 7. HP: 30/30 MP: 14/14
  4837 | D:5      | Entered Level 5 of the Dungeon
  4838 | D:5      | Found a transporter.
  5006 | D:5      | Reached skill level 5 in Air Magic
  5092 | D:5      | Found a snail-covered altar of Cheibriados.
  5093 | D:5      | Found a stormy altar of Qazlal.
  5541 | D:5      | Found a transporter.
  5541 | D:5      | Noticed Zgarb's ghost (novice OpDe)
  5902 | D:6      | Found a radiant altar of Vehumet.
  5908 | D:6      | Became a worshipper of Vehumet
  5939 | D:6      | Reached skill level 5 in Spellcasting
  6036 | D:6      | Identified the +4 battleaxe of Brawling {vorpal, Str+5}
  6043 | D:6      | Reached XP level 8. HP: 32/34 MP: 13/16
  6154 | D:6      | Found an ancient bone altar of Kikubaaqudgha.
  6347 | D:6      | Found an ornate altar of the Wu Jian Council.
  6999 | D:6      | Found a burning altar of Makhleb.
  7572 | D:7      | Noticed Prince Ribbit
  7903 | D:7      | Reached skill level 6 in Spellcasting
  8032 | D:7      | Found a staircase to the Ecumenical Temple.
  8331 | D:6      | HP: 1/36 [poisoned by a water moccasin]
  8640 | D:7      | Learned a level 7 spell: Ozocubu's Refrigeration
  8707 | D:7      | Found a hide-covered altar of Uskayaw.
  8806 | D:7      | Found a shimmering altar of Xom.
  9020 | D:7      | Found Ocassuco's General Store.
  9021 | D:7      | Found Ytridd's Specific Store.
  9242 | D:7      | Reached skill level 1 in Ice Magic
  9833 | D:7      | Killed Prince Ribbit
  9834 | D:7      | Reached XP level 9. HP: 40/40 MP: 16/20
 10196 | D:8      | Noticed Erica
 10219 | D:8      | Reached skill level 7 in Spellcasting
 10275 | D:8      | Noticed Maurice
 10330 | D:8      | Reached * piety under Vehumet
 10330 | D:8      | Offered knowledge of Foxfire by Vehumet.
 10516 | D:8      | Reached skill level 5 in Fighting
 10896 | D:8      | Noticed a cyclops
 10983 | D:8      | HP: 1/40 [Maurice/puff of flame (12)]
 11292 | D:8      | Killed Maurice
 11694 | D:8      | Noticed Maggie
 11706 | D:8      | Killed Maggie
 12471 | D:8      | Killed Erica
 12472 | D:8      | Reached skill level 8 in Spellcasting
 12472 | D:8      | Reached XP level 10. HP: 33/45 MP: 3/23
 12939 | D:8      | HP: 2/45 [cyclops/large rock (38)]
 12940 | D:8      | Hit by a large rock thrown by a cyclops
 12941 | D:8      | Reached XP level 9. HP: -26/41 MP: 28/31
 13238 | D:8      | Killed a cyclops
 13722 | D:9      | Found Koffug Jeuc's General Store.
 14051 | D:9      | Reached skill level 5 in Ice Magic
 14149 | D:9      | Noticed a two-headed ogre
 14153 | D:9      | Killed a two-headed ogre
 14154 | D:9      | Reached skill level 5 in Dodging
 14479 | D:9      | Reached XP level 10. HP: 38/45 MP: 20/23
 15112 | D:9      | Noticed a tengu warrior
 15338 | D:9      | Reached skill level 9 in Spellcasting
 15352 | D:9      | Offered knowledge of Poisonous Vapours by Vehumet.
 15788 | D:9      | Killed a tengu warrior
 15960 | D:9      | Found a shadowy altar of Dithmenos.
 16011 | D:9      | Found the +27 Lear's hauberk
 16184 | D:10     | Entered Level 10 of the Dungeon
 16188 | D:10     | Identified a scroll of acquirement
 16188 | D:10     | Acquired vurker's Reference Book on Damage Dealing
 16341 | D:10     | Found a runed translucent door.
 16341 | D:10     | Noticed a necromancer
 16345 | D:10     | Noticed a centaur warrior
 16488 | D:10     | Noticed a gargoyle
 16577 | D:10     | Killed a gargoyle
 16739 | D:10     | Noticed a lich
 17405 | D:10     | Noticed a deep troll
 17406 | D:10     | Noticed vogonpoet's ghost (journeyman GrEE)
 17406 | D:10     | Identified the +9 long sword "Cat's Doom" {vorpal, Dex+6}
 17406 | D:10     | Noticed a deep troll earth mage
 17408 | D:10     | Found a runed translucent door.
 17408 | D:10     | Noticed a skeletal warrior
 17418 | D:10     | Reached ** piety under Vehumet
 18211 | D:10     | Found a staircase to the Lair.
 18702 | D:11     | Noticed a two-headed ogre
 18706 | D:11     | Killed a two-headed ogre
 18707 | D:11     | Reached XP level 11. HP: 50/50 MP: 17/25
 18836 | D:11     | Noticed a two-headed ogre
 18840 | D:11     | Killed a two-headed ogre
 18918 | D:11     | Noticed a centaur warrior
 18926 | D:11     | Noticed a boulder beetle
 18932 | D:11     | Noticed a two-headed ogre
 18935 | D:11     | Killed a two-headed ogre
 18936 | D:11     | Reached skill level 10 in Spellcasting
 19048 | D:11     | Noticed a quicksilver ooze
 19048 | D:11     | a boulder beetle changed into a quicksilver ooze
 19059 | D:11     | Noticed a two-headed ogre
 19060 | D:11     | Noticed bmj180's ghost (journeyman GrEE)
 19060 | D:11     | Noticed a two-headed ogre
 19316 | D:11     | Killed a centaur warrior
 19319 | D:11     | Noticed a six-headed hydra
 19657 | D:12     | Found a flickering gateway to a bazaar.
 19698 | D:12     | Noticed Gastronok
 19708 | Bazaar   | Entered a bazaar
 19717 | Bazaar   | Found Wopnapni's Magic Scroll Shop.
 19735 | Bazaar   | Found Yneufama's General Store.
 19740 | Bazaar   | Found Luxe's Armour Boutique.
 19746 | Bazaar   | Found Vomoid's General Store.
 19756 | Bazaar   | Bought a scroll of teleportation for 27 gold pieces
 19769 | Bazaar   | Bought a scroll of fear for 35 gold pieces
 19783 | Bazaar   | Bought a scroll of magic mapping for 42 gold pieces
 19783 | Bazaar   | Bought a scroll of magic mapping for 42 gold pieces
 20611 | D:12     | Noticed a boulder beetle
 20679 | D:11     | Slain by a quicksilver ooze
 20680 | D:11     | Reached XP level 10. HP: -3/47 MP: 0/34
 20682 | D:11     | Noticed a two-headed ogre
 20684 | D:11     | Noticed a two-headed ogre
 20685 | D:11     | Noticed a two-headed ogre
 20747 | Lair:1   | Entered Level 1 of the Lair of Beasts
 21513 | Lair:1   | Noticed a cane toad
 21516 | Lair:1   | Killed a cane toad
 21853 | Lair:1   | Noticed a cane toad
 21856 | Lair:1   | Killed a cane toad
 21857 | Lair:1   | Reached XP level 11. HP: 32/51 MP: 25/26
 22172 | Lair:1   | Offered knowledge of Inner Flame by Vehumet.
 22824 | Lair:2   | Reached *** piety under Vehumet
 23186 | Lair:2   | Reached skill level 11 in Spellcasting
 23323 | Lair:2   | Found a frozen archway.
 23332 | IceCv    | Entered an ice cave
 24046 | Lair:3   | Noticed Fannar
 24053 | Lair:3   | Killed Fannar
 24373 | Lair:3   | Offered knowledge of Hailstorm by Vehumet.
 24935 | Lair:3   | Found a runed translucent door.
 25199 | Lair:3   | Found a staircase to the Snake Pit.
 25415 | Lair:3   | Gained mutation: Your thick and shaggy fur keeps you warm.
                  | (AC +3, rC+) [Felid growth]
 25415 | Lair:3   | Reached XP level 12. HP: 56/56 MP: 23/28
 25472 | Lair:3   | Reached **** piety under Vehumet
 25968 | Lair:3   | Noticed Vias's ghost (journeyman DsWn)
 25977 | Lair:3   | Identified the +9 trident "Earthworm" {venom, rCorr}
 26043 | Lair:4   | Noticed a seven-headed hydra
 26048 | Lair:4   | Killed a seven-headed hydra
 26049 | Lair:4   | Reached skill level 10 in Ice Magic
 26188 | Lair:4   | Offered knowledge of Flame Wave by Vehumet.
 26372 | Lair:4   | Found a staircase to the Shoals.
 26441 | Lair:4   | Reached skill level 12 in Spellcasting
 26627 | Lair:4   | Reached skill level 10 in Air Magic
 26961 | Lair:4   | Noticed a six-headed hydra
 26966 | Lair:4   | Killed a six-headed hydra
 27142 | Lair:4   | Acquired 915 gold pieces
 27144 | Lair:4   | Acquired 831 gold pieces
 28588 | Lair:5   | Noticed a death yak
 28589 | Lair:5   | Noticed a death yak
 28592 | Lair:5   | Noticed a death yak
 28605 | Lair:5   | Killed a death yak
 29266 | Lair:5   | Reached XP level 13. HP: 60/60 MP: 23/30
 31237 | Lair:6   | Entered Level 6 of the Lair of Beasts
 31632 | Lair:6   | Reached skill level 13 in Spellcasting
 31675 | Lair:6   | Reached ***** piety under Vehumet
 31873 | Lair:6   | Offered knowledge of Fireball by Vehumet.
 32033 | Lair:6   | Found a staircase to the Slime Pits.
 32820 | Lair:6   | Reached skill level 10 in Fighting
 34054 | Lair:6   | HP: 2/61 [hornet (8)]
 34054 | Lair:6   | Mangled by a hornet
 34055 | Lair:6   | Reached XP level 12. HP: -6/58 MP: 2/39
 34533 | Lair:5   | Killed a death yak
 34811 | Lair:6   | Noticed a dire elephant
 35258 | Lair:6   | Killed a death yak
 35929 | Lair:6   | Noticed a merfolk avatar
 35937 | Lair:6   | Killed a merfolk avatar
 36398 | Lair:6   | Found a staircase to the Slime Pits.
 36460 | Lair:5   | Killed a death yak
 36461 | Lair:5   | Reached XP level 13. HP: 62/62 MP: 21/31
 37139 | Lair:6   | Killed a dire elephant
 37572 | D:11     | Mangled by a quicksilver ooze
 37573 | D:11     | Reached XP level 12. HP: -8/58 MP: 1/39
 37616 | D:12     | Killed Gastronok
 37823 | D:12     | Found a staircase to the Orcish Mines.
 38343 | Orc:1    | Entered Level 1 of the Orcish Mines
 38563 | Orc:1    | Found Korghe Zaonn's Magic Scroll Shoppe.
 39316 | Orc:1    | Noticed Snorg
 39352 | Orc:1    | Bought 2 scrolls of fear for 98 gold pieces
 39352 | Orc:1    | Bought a scroll of fear for 49 gold pieces
 39352 | Orc:1    | Bought a scroll of teleportation for 42 gold pieces
 39390 | Orc:1    | Killed Snorg
 39856 | Orc:1    | Noticed an orc high priest
 39860 | Orc:1    | Killed an orc high priest
 39861 | Orc:1    | Reached skill level 14 in Spellcasting
 40188 | Orc:2    | Entered Level 2 of the Orcish Mines
 40372 | Orc:2    | Found a staircase to the Elven Halls.
 40655 | Orc:2    | Found Netoris's Antique Armour Shop.
 40663 | Orc:2    | Noticed a two-headed ogre
 40687 | Orc:2    | Killed a two-headed ogre
 41447 | Orc:2    | Noticed an orc high priest
 41448 | Orc:2    | Offered knowledge of Freezing Cloud by Vehumet.
 41449 | Orc:2    | Killed an orc high priest
 41450 | Orc:2    | Reached XP level 13. HP: 63/63 MP: 21/32
 42101 | Orc:2    | Found Miker's Jewellery Shoppe.
 42101 | Orc:2    | Found Uvaaxete's Jewellery Shop.
 42103 | Orc:2    | Found Kiwitaps's Distillery.
 42103 | Orc:2    | Found Teufen's Weapon Shop.
 42209 | Orc:2    | Bought an amulet of magic regeneration for 300 gold pieces
 42216 | Orc:2    | Bought a potion of haste for 150 gold pieces
 42216 | Orc:2    | Bought a potion of heal wounds for 75 gold pieces
 42216 | Orc:2    | Bought a potion of mutation for 120 gold pieces
 42216 | Orc:2    | Bought a potion of magic for 120 gold pieces
 42216 | Orc:2    | Bought a potion of haste for 150 gold pieces
 42726 | D:13     | Shot with an arrow by a centaur warrior

Illustrated notes

Levels and vault maps discovered:
D:1:      dpeg_arrival_lava_altar, layout_loops_ring,
          hellmonk_ecumenical_altar_crossroads, corexii_corridor_pit,
          serial_bayou_crossing
D:2:      minmay_spotlight, layout_basic, basic_altar, serial_shops,
          shop_fountains, minmay_misc_feat_rugged, minmay_pentomino_x4
D:3:      layout_rooms, amcnicky_altar_gilded
D:4:      layout_basic, mainiacjoe_overflow_catwalk, corexii_shack,
          minmay_tree_intersection
D:5:      layout_cave_pools, gammafunk_temple_overflow_statue,
          gammafunk_ghost_mausoleum
D:6:      layout_layer_cave, makhleb_grotto_becter, old_standard_altar,
          lemuel_crystal_altar, nzn_wu_jian_contemplation
D:7:      layout_basic, lemuel_doored_altar, marbit_many_paths,
          minmay_temple_entry_overgrown, nicolae_specific_store,
          uniq_prince_ribbit1
D:8:      layout_loops_ring, minmay_misc_feat_cross, uniq_maggie, uniq_erica,
          uniq_maurice
D:9:      layout_cave_pods, grunt_dithmenos_smoke_and_mirrors, serial_shops,
          shop_statue, minmay_misc_feat_alley, serial_bayou_ford_a,
          hellmonk_guarded_unrand_lears
D:10:     layout_rooms, dpeg_oklobed_lair, muffindrake_ghost_dual_entry
D:11:     layout_cave_pools, gammafunk_ghost_smash, kennysheep_pointless_box
D:12:     layout_loops_cross, david_orc_5, serial_shops, bzr_entry_water,
          uniq_gastronok
D:13:     layout_irregular_city, lightli_vaults_fourway_checkpoint
Lair:1:   layout_cave_pods, grunt_megastairs_1, serial_bayou_shore_a
Lair:2:   layout_gridlike, portal_ice_cave_entry_ice_simulacra
Lair:3:   layout_long_grid, minmay_snake_entry_guardpost_medium,
          ebering_ghost_funeral_grove, gauntlet_entry_generic, uniq_fannar
Lair:4:   layout_roguey, minmay_shoals_entry_beasts, grunt_megastairs_4
Lair:5:   layout_regular_city
Lair:6:   gammafunk_lair_ancient_temple, layout_layer_cave,
          minmay_slime_entry_oklob_open, serial_bayou_shore_b
Orc:1:    layout_caves, serial_shops, nicolae_shop_stone, bh_open_orc_temple,
          uniq_snorg
Orc:2:    grunt_orc_tribal_feast, layout_diamond_mine, serial_shops,
          nicolae_shop_trees

Skill      XL: |  1  2  3  4  5  6  7  8  9 10 11 12 13 |
---------------+----------------------------------------+-----
Conjurations   | 1 2 3 |  3.0
Air Magic      | 3 4 5 7 8 9 10 11 | 11.4
Fighting       | 1 2 3 4 6 7 8 9 10 | 10.9
Spellcasting   | 3 4 5 6 8 9 11 14 13 | 14.3
Ice Magic      | 1 5 8 9 12 11 | 12.9
Dodging        | 5 |  5.0
Stealth        | |  2.6

Action                   |  1- 3 |  4- 6 |  7- 9 | 10-12 | 13-15 || total
-------------------------+-------+-------+-------+-------+-------++-------
Melee: Unarmed           |    18 |    15 |     1 |     3 |       ||    37
       Bite              |     3 |     2 |       |     1 |       ||     6
 Cast: Shock             |   101 |   101 |   234 |    35 |    15 ||   486
       Airstrike         |       |       |   108 |   750 |   242 ||  1100
       Ozocubu's Refrige |       |       |       |    24 |    12 ||    36
Evoke: Wand              |       |       |     3 |    14 |     6 ||    23
  Use: Scroll            |       |     9 |     4 |    19 |     3 ||    35
       Potion            |       |       |       |     3 |       ||     3
Armor: Skin              |     1 |     4 |     2 |    14 |     2 ||    23
Dodge: Dodged            |    22 |    27 |    90 |   135 |    62 ||   336

Table legend: (Time is in decaauts)
 A = Elapsed time spent in this place.
 B = Non-inter-level travel time spent in this place.
 C = Inter-level travel time spent in this place.
 D = Time resting spent in this place.
 E = Time spent auto-exploring this place.
 F = Levels seen in this place.
 G = Mean time per level.
                   A        B        C        D        E       F      G
               +--------+--------+--------+--------+--------+-----+--------+
         Total |  39388 |  37967 |   1421 |   6281 |  26908 |  23 | 1712.5 |
       Dungeon |  20619 |  19764 |    855 |   3863 |  13559 |  13 | 1586.1 |
          Lair |  15494 |  15023 |    471 |   2073 |  11068 |   6 | 2582.3 |
  Orcish Mines |   3153 |   3060 |     93 |    345 |   2210 |   2 | 1576.5 |
        Bazaar |     67 |     67 |      0 |      0 |     33 |   1 |   67.0 |
      Ice Cave |     55 |     55 |      0 |      0 |     37 |   1 |   55.0 |
               +--------+--------+--------+--------+--------+-----+--------+

Top non-repeatable levels by time:
  Lair:6: 4676 daAuts
     D:9: 3318 daAuts
  Lair:5: 3263 daAuts
     D:8: 2799 daAuts
    D:12: 2408 daAuts
  Lair:4: 2332 daAuts
     D:7: 2256 daAuts
     D:6: 2245 daAuts
  Lair:2: 1770 daAuts
  Lair:3: 1732 daAuts
  Lair:1: 1718 daAuts
   Orc:1: 1577 daAuts
   Orc:2: 1575 daAuts
     D:4: 1288 daAuts
     D:2: 1234 daAuts
